[ AOE2 MATCH · #506669675 ]
UnrankedIncas vs Saracens
Player's team · LOSS
Rival team · WIN
[ REPLAY ANALYSIS · EXTRACTED FROM THE RECORDED GAME ]
Feudal
10:32
Castle
19:21
Imperial
—
| APM avg | 76.5 |
| APM peak | 134 |
| eAPM avg | 21.1 |
| Villagers / military | 61 / 17 |
Focus
⚔️ 40.6% · 🌾 59.4%
Skirmisher ×14 · Unknown (2550) ×3 · Archer ×1 · Spearman ×1 · Monk ×1
Feudal
8:51
Castle
21:18
Imperial
—
| APM avg | 53.9 |
| APM peak | 91 |
| eAPM avg | 28.3 |
| Villagers / military | 64 / 20 |
Focus
⚔️ 34.9% · 🌾 65.1%
Archer ×14 · Scout Cavalry ×3 · Skirmisher ×1 · Camel Scout ×1 · Knight ×1
Match map
Initial resources + every placement click. Lines = walls · curves = elevation contours. ◆ gold · ⬟ stone · ● berries · ✦ relic · ◌ wall gap
Your base· Open — 2t gap
GAX | Gian's base· Open — 4t gap
Smoothed initial terrain · ◌ = detected wall gap · hover for details
Inputs per minute
— Black Lotus - - GAX | Gian
Build order — Black Lotus
141 actions detected in the replay
| 0:00 | Queue | Villager (Male) |
| 0:00 | Queue | Villager (Male) |
| 0:01 | Queue | Villager (Male) |
| 0:01 | Queue | Villager (Male) |
| 0:02 | Build | House |
| 1:28 | Queue | Villager (Male) |
| 1:51 | Queue | Villager (Male) |
| 2:25 | Queue | Villager (Male) |
| 2:25 | Queue | Villager (Male) |
| 2:38 | Build | Barracks |
| 2:46 | Queue | Villager (Male) |
| 3:03 | Queue | Villager (Male) |
| 3:05 | Build | House |
| 3:46 | Queue | Unit 2550 |
| 3:47 | Queue | Villager (Male) |
| 4:12 | Queue | Villager (Male) |
| 4:26 | Queue | Villager (Male) |
| 4:35 | Queue | Unit 2550 |
| 4:38 | Queue | Villager (Male) |
| 5:07 | Queue | Villager (Male) |
| 5:18 | Queue | Unit 2550 |
| 5:28 | Queue | Villager (Male) |
| 6:02 | Queue | Villager (Male) |
| 6:08 | Build | Settlement |
| 6:10 | Queue | Villager (Male) |
| 6:19 | Queue | Villager (Male) |
| 6:43 | Queue | Villager (Male) |
| 6:56 | Queue | Villager (Male) |
| 7:41 | Queue | Villager (Male) |
| 7:54 | Research | Loom |
| 8:11 | Research | Feudal Age |
| 8:28 | Build | Settlement |
| 9:03 | Queue | Villager (Male) |
| 9:19 | Build | Settlement |
| 9:32 | Build | Farm |
| 9:53 | Build | Palisade Wall |
| 9:54 | Build | Palisade Wall |
| 9:54 | Build | Palisade Wall |
| 9:55 | Build | Palisade Wall |
| 9:55 | Build | Palisade Wall |
| 9:56 | Build | Palisade Wall |
| 10:03 | Build | Farm |
| 10:06 | Build | Farm |
| 10:18 | Queue | Villager (Male) |
| 10:32 | Age | Feudal Age |
| 10:38 | Build | Archery Range |
| 10:45 | Research | Double-Bit Axe |
| 10:52 | Queue | Villager (Male) |
| 10:59 | Build | Farm |
| 11:05 | Build | Farm |
| 11:23 | Queue | Villager (Male) |
| 11:25 | Queue | Skirmisher |
| 11:31 | Build | Palisade Wall |
| 11:34 | Build | Farm |
| 11:37 | Queue | Skirmisher |
| 11:44 | Build | Palisade Wall |
| 11:47 | Build | Palisade Wall |
| 11:50 | Build | Palisade Wall |
| 11:50 | Queue | Villager (Male) |
| 12:02 | Queue | Skirmisher |
| 12:03 | Queue | Villager (Male) |
| 12:05 | Build | Farm |
| 12:19 | Build | Farm |
| 12:28 | Queue | Villager (Male) |
| 12:36 | Queue | Villager (Male) |
| 12:40 | Build | Farm |
| 12:59 | Queue | Villager (Male) |
| 13:22 | Queue | Villager (Male) |
| 13:40 | Queue | Skirmisher |
| 13:41 | Queue | Villager (Male) |
| 13:43 | Queue | Villager (Male) |
| 13:45 | Build | Farm |
| 13:45 | Queue | Villager (Male) |
| 13:47 | Queue | Villager (Male) |
| 14:09 | Queue | Skirmisher |
| 14:11 | Queue | Skirmisher |
| 14:18 | Queue | Villager (Male) |
| 14:20 | Build | Blacksmith |
| 14:20 | Queue | Villager (Male) |
| 14:22 | Build | Farm |
| 14:24 | Build | Farm |
| 14:43 | Research | Tech 1402 |
| 14:52 | Queue | Villager (Male) |
| 14:54 | Build | Farm |
| 14:56 | Build | House |
| 14:57 | Build | Palisade Wall |
| 15:05 | Build | Farm |
| 15:12 | Queue | Villager (Male) |
| 15:33 | Build | Farm |
| 15:48 | Queue | Villager (Male) |
| 15:51 | Build | House |
| 15:51 | Build | House |
| 16:41 | Research | Castle Age |
| 16:41 | Research | Castle Age |
| 16:49 | Build | House |
| 16:49 | Queue | Villager (Male) |
| 16:51 | Build | House |
| 16:52 | Build | House |
| 16:54 | Build | House |
| 16:56 | Build | House |
| 16:57 | Build | House |
| 17:04 | Queue | Skirmisher |
| 17:06 | Queue | Villager (Male) |
| 17:08 | Build | House |
| 17:10 | Build | House |
| 17:12 | Queue | Villager (Male) |
| 17:52 | Queue | Villager (Male) |
| 17:54 | Queue | Villager (Male) |
| 18:12 | Queue | Skirmisher |
| 18:14 | Research | Fletching |
| 18:24 | Queue | Villager (Male) |
| 18:40 | Build | Archery Range |
| 18:44 | Queue | Skirmisher |
| 18:55 | Queue | Villager (Male) |
| 18:58 | Build | Farm |
| 19:10 | Research | Padded Archer Armor |
| 19:10 | Queue | Villager (Male) |
| 19:21 | Age | Castle Age |
| 19:29 | Queue | Skirmisher |
| 19:31 | Queue | Villager (Male) |
| 19:48 | Build | Monastery |
| 19:50 | Queue | Villager (Male) |
| 19:55 | Research | Bodkin Arrow |
| 20:17 | Queue | Villager (Male) |
| 20:30 | Queue | Villager (Male) |
| 20:32 | Queue | Villager (Male) |
| 20:34 | Queue | Archer |
| 20:40 | Queue | Spearman |
| 20:50 | Queue | Villager (Male) |
| 20:52 | Queue | Villager (Male) |
| 21:03 | Queue | Skirmisher |
| 21:03 | Queue | Villager (Male) |
| 21:04 | Queue | Villager (Male) |
| 21:10 | Queue | Villager (Male) |
| 21:13 | Queue | Skirmisher |
| 21:13 | Queue | Skirmisher |
| 21:22 | Queue | Skirmisher |
| 21:35 | Queue | Monk |
| 21:42 | Research | Leather Archer Armor |
| 21:44 | Queue | Villager (Male) |
| 21:50 | Queue | Villager (Male) |
Build order — GAX | Gian
First 150 of 155 actions detected
| 0:01 | Queue | Villager (Male) |
| 0:01 | Queue | Villager (Male) |
| 0:01 | Queue | Villager (Male) |
| 0:02 | Build | House |
| 0:03 | Build | House |
| 0:12 | Queue | Villager (Male) |
| 1:30 | Queue | Villager (Male) |
| 1:30 | Queue | Villager (Male) |
| 1:55 | Build | Lumber Camp |
| 1:59 | Queue | Villager (Male) |
| 1:59 | Queue | Villager (Male) |
| 2:17 | Queue | Villager (Male) |
| 2:17 | Queue | Villager (Male) |
| 2:41 | Queue | Villager (Male) |
| 3:01 | Queue | Villager (Male) |
| 3:31 | Queue | Villager (Male) |
| 3:32 | Queue | Villager (Male) |
| 3:48 | Build | House |
| 3:49 | Queue | Villager (Male) |
| 3:49 | Queue | Villager (Male) |
| 4:18 | Queue | Villager (Male) |
| 4:19 | Queue | Villager (Male) |
| 4:38 | Queue | Villager (Male) |
| 4:39 | Build | Mining Camp |
| 5:17 | Queue | Villager (Male) |
| 5:18 | Research | Loom |
| 6:26 | Research | Feudal Age |
| 6:56 | Build | House |
| 7:04 | Build | Palisade Wall |
| 7:05 | Build | Palisade Wall |
| 7:07 | Build | Palisade Wall |
| 7:09 | Build | Palisade Wall |
| 7:11 | Build | Palisade Wall |
| 7:13 | Build | Palisade Wall |
| 7:14 | Build | Palisade Wall |
| 7:53 | Build | Barracks |
| 7:54 | Queue | Villager (Male) |
| 8:10 | Build | House |
| 8:14 | Build | House |
| 8:27 | Queue | Villager (Male) |
| 8:35 | Build | Palisade Wall |
| 8:36 | Build | Palisade Wall |
| 8:38 | Queue | Villager (Male) |
| 8:51 | Age | Feudal Age |
| 8:54 | Queue | Villager (Male) |
| 9:10 | Build | Archery Range |
| 9:11 | Queue | Villager (Male) |
| 9:18 | Build | Palisade Wall |
| 9:38 | Research | Double-Bit Axe |
| 9:47 | Build | House |
| 9:55 | Queue | Archer |
| 9:55 | Queue | Archer |
| 9:58 | Build | Palisade Wall |
| 10:04 | Queue | Archer |
| 10:18 | Queue | Archer |
| 10:24 | Build | Mill |
| 10:32 | Queue | Villager (Male) |
| 10:41 | Build | House |
| 10:42 | Build | Palisade Wall |
| 10:45 | Build | Palisade Wall |
| 10:52 | Build | Outpost |
| 11:04 | Queue | Villager (Male) |
| 11:05 | Queue | Villager (Male) |
| 11:27 | Queue | Archer |
| 11:31 | Queue | Villager (Male) |
| 11:31 | Queue | Villager (Male) |
| 11:33 | Build | Farm |
| 11:34 | Build | Farm |
| 11:36 | Build | Farm |
| 11:47 | Queue | Skirmisher |
| 11:47 | Queue | Archer |
| 11:50 | Queue | Archer |
| 11:54 | Queue | Villager (Male) |
| 11:58 | Build | Farm |
| 12:18 | Build | House |
| 12:21 | Build | House |
| 12:23 | Queue | Villager (Male) |
| 12:28 | Build | House |
| 12:29 | Build | Palisade Wall |
| 12:30 | Build | Palisade Wall |
| 12:31 | Queue | Villager (Male) |
| 12:45 | Queue | Archer |
| 12:49 | Queue | Villager (Male) |
| 12:50 | Queue | Villager (Male) |
| 12:51 | Build | Farm |
| 13:01 | Build | Market |
| 13:20 | Queue | Villager (Male) |
| 13:20 | Queue | Villager (Male) |
| 13:26 | Queue | Villager (Male) |
| 13:36 | Build | Blacksmith |
| 13:57 | Queue | Villager (Male) |
| 13:58 | Queue | Villager (Male) |
| 14:07 | Build | Stable |
| 14:11 | Queue | Archer |
| 14:22 | Build | Farm |
| 14:26 | Build | Farm |
| 14:32 | Research | Fletching |
| 14:39 | Build | Farm |
| 14:51 | Build | Farm |
| 14:51 | Queue | Villager (Male) |
| 15:01 | Queue | Villager (Male) |
| 15:01 | Queue | Villager (Male) |
| 15:05 | Build | Farm |
| 15:10 | Queue | Scout Cavalry |
| 15:23 | Build | Farm |
| 15:27 | Queue | Scout Cavalry |
| 15:29 | Queue | Villager (Male) |
| 15:38 | Build | Farm |
| 15:40 | Build | Farm |
| 15:40 | Queue | Villager (Male) |
| 15:50 | Queue | Archer |
| 15:59 | Research | Scale Barding Armor |
| 16:00 | Queue | Villager (Male) |
| 16:00 | Queue | Villager (Male) |
| 16:08 | Build | Farm |
| 16:15 | Queue | Villager (Male) |
| 16:15 | Queue | Villager (Male) |
| 16:20 | Build | Farm |
| 16:27 | Queue | Scout Cavalry |
| 16:31 | Queue | Villager (Male) |
| 16:35 | Queue | Villager (Male) |
| 16:37 | Build | Farm |
| 17:03 | Queue | Villager (Male) |
| 17:05 | Build | Farm |
| 17:07 | Queue | Villager (Male) |
| 17:30 | Queue | Villager (Male) |
| 17:49 | Queue | Villager (Male) |
| 17:53 | Queue | Villager (Male) |
| 18:02 | Queue | Villager (Male) |
| 18:03 | Build | Farm |
| 18:19 | Queue | Archer |
| 18:33 | Research | Castle Age |
| 18:51 | Queue | Villager (Male) |
| 18:53 | Build | House |
| 19:00 | Research | Padded Archer Armor |
| 19:10 | Queue | Villager (Male) |
| 19:13 | Build | House |
| 19:15 | Queue | Archer |
| 19:15 | Queue | Archer |
| 19:21 | Research | Gold Mining |
| 19:47 | Build | House |
| 20:34 | Queue | Villager (Male) |
| 20:44 | Queue | Villager (Male) |
| 20:57 | Build | House |
| 21:18 | Age | Castle Age |
| 21:20 | Build | Siege Workshop |
| 21:22 | Research | Bodkin Arrow |
| 21:23 | Research | Crossbowman (upgrade) |
| 21:35 | Build | Town Center |
| 21:38 | Queue | Villager (Male) |
Match timeline
| 2:38 | Black Lotus · first_building Barracks |
| 7:04 | GAX | Gian · wall_segment Palisade Wall x1 |
| 7:05 | GAX | Gian · wall_segment Palisade Wall x1 |
| 7:07 | GAX | Gian · wall_segment Palisade Wall x1 |
| 7:09 | GAX | Gian · wall_segment Palisade Wall x1 |
| 7:11 | GAX | Gian · wall_segment Palisade Wall x1 |
| 7:13 | GAX | Gian · wall_segment Palisade Wall x1 |
| 7:14 | GAX | Gian · wall_segment Palisade Wall x1 |
| 7:53 | GAX | Gian · first_building Barracks |
| 8:35 | GAX | Gian · wall_segment Palisade Wall x1 |
| 8:36 | GAX | Gian · wall_segment Palisade Wall x1 |
| 8:51 | GAX | Gian · age_up feudal |
| 9:10 | GAX | Gian · first_building Archery Range |
| 9:18 | GAX | Gian · wall_segment Palisade Wall x1 |
| 9:53 | Black Lotus · wall_segment Palisade Wall x1 |
| 9:54 | Black Lotus · wall_segment Palisade Wall x1 |
| 9:54 | Black Lotus · wall_segment Palisade Wall x1 |
| 9:55 | Black Lotus · wall_segment Palisade Wall x1 |
| 9:55 | Black Lotus · wall_segment Palisade Wall x1 |
| 9:56 | Black Lotus · wall_segment Palisade Wall x1 |
| 9:58 | GAX | Gian · wall_segment Palisade Wall x1 |
| 10:32 | Black Lotus · age_up feudal |
| 10:38 | Black Lotus · first_building Archery Range |
| 10:42 | GAX | Gian · wall_segment Palisade Wall x1 |
| 10:45 | GAX | Gian · wall_segment Palisade Wall x5 |
| 11:31 | Black Lotus · wall_segment Palisade Wall x1 |
| 11:44 | Black Lotus · wall_segment Palisade Wall x5 |
| 11:47 | Black Lotus · wall_segment Palisade Wall x3 |
| 11:50 | Black Lotus · wall_segment Palisade Wall x7 |
| 12:29 | GAX | Gian · wall_segment Palisade Wall x1 |
| 12:30 | GAX | Gian · wall_segment Palisade Wall x1 |
| 14:03 | GAX | Gian · first_market_sell 100 stone |
| 14:04 | GAX | Gian · first_market_buy 100 wood |
| 14:07 | GAX | Gian · first_building Stable |
| 14:57 | Black Lotus · wall_segment Palisade Wall x8 |
| 19:21 | Black Lotus · age_up castle |
| 19:48 | Black Lotus · first_building Monastery |
| 21:18 | GAX | Gian · age_up castle |
| 21:20 | GAX | Gian · first_building Siege Workshop |
| 22:23 | Black Lotus · resign |
[ AI ANALYSIS · 1 CREDIT ]
What really happened in this match?
Wolo.gg analyzes every decision: build order, eco, micro, common mistakes by bracket. Personalized analysis on WhatsApp or Discord in 30 seconds.
Civ guide
Incas
Perfil
Black Lotus